 Dungeon Crawl Stone Soup version 0.20-b1-12-g5827e59 (webtiles) character file.

946 LORDOFBUTT the Chopper (level 7, -12/62 HPs)
             Began as a Minotaur Berserker on May 23, 2017.
             Was a Priest of Trog.
             Mangled by a cyan ugly thing (14 damage)
             ... on level 6 of the Dungeon.
             The game lasted 00:03:27 (4586 turns).

LORDOFBUTT the Chopper (Minotaur Berserker)         Turns: 4586, Time: 00:03:27

Health: -12/62     AC:  6    Str: 23    XL:     7   Next: 89%
Magic:  6/6        EV: 14    Int:  4    God:    Trog [***...]
Gold:   371        SH:  0    Dex: 15    Spells: 6/6 levels left

rFire    . . .     SeeInvis .   t - +0 hand axe (flame)
rCold    . . .     Gourm    .   (no shield)
rNeg     + . .     Faith    .   s - +0 ring mail
rPois    .         Spirit   .   (helmet restricted)
rElec    .         Reflect  .   (no cloak)
rCorr    .         Harm     .   (no gloves)
MR       .....                  (no boots)
Stlth    +.........             (no amulet)
Regen    0.2/turn               f - +5 ring of dexterity
MPRegen  0.1/turn               j - ring of positive energy

@: no status effects
A: retaliatory headbutt, horns 2
a: Berserk, Trog's Hand, Burn Spellbooks, Renounce Religion


You were on level 6 of the Dungeon.
You worshipped Trog.
Trog was most pleased with you.
You were very hungry.

You visited 1 branch of the dungeon, and saw 6 of its levels.

You collected 371 gold pieces.

Inventory:

Hand Weapons
 a - a +0 hand axe
 t - a +0 hand axe of flaming (weapon)
Armour
 b - a +0 animal skin
 s - a +0 ring mail (worn)
Jewellery
 f - a +5 ring of dexterity (left hand)
 j - a ring of positive energy (right hand)
 n - an uncursed amulet of guardian spirit
 r - an uncursed ring of see invisible
 w - a cursed ring of positive energy
Wands
 x - a wand of confusion (17/48)
 y - a wand of confusion (31/48)
Scrolls
 g - a scroll of random uselessness
 i - 2 scrolls of teleportation
 k - a scroll of noise {unknown}
 v - a scroll of blinking {unknown}
Potions
 d - 3 potions of curing
 e - a potion of heal wounds {unknown}
 h - a potion of haste {unknown}
 m - a potion of cancellation {unknown}
 p - 4 potions of berserk rage {unknown}
 q - a potion of flight {unknown}
 u - a potion of lignification {unknown}
Books
 o - the Papyrus of Earthen Unholy Magic
   (You found it on level 4 of the Dungeon)

   Spells                             Type                      Level
   a - Corpse Rot                     Necromancy                   2
   b - Stone Arrow                    Conjuration/Earth            3
   c - Animate Dead                   Necromancy                   4
   d - Bolt of Magma                  Conjuration/Fire/Earth       5
   e - Statue Form                    Transmutation/Earth          6
   Trog disapproves of the use of such an item.
Comestibles
 c - 4 bread rations
 l - a meat ration


   Skills:
 + Level 5.8 Fighting
 * Level 7.9 Axes
 + Level 4.6 Armour
 + Level 5.5 Dodging


You had 6 spell levels left.
You didn't know any spells.

Dungeon Overview and Level Annotations

Branches:
Dungeon (6/15)             Temple (0/1) D:4

Altars:
Fedhas
Okawaru
Qazlal
The Shining One


Innate Abilities, Weirdness & Mutations

You reflexively headbutt those who attack you in melee.
You have a pair of horns on your head.


Message History

The cyan ugly thing is lightly wounded.
The cyan ugly thing misses you. You furiously retaliate!
You headbutt the cyan ugly thing. You hit the cyan ugly thing.
You burn the cyan ugly thing.
Your headbutt misses the cyan ugly thing.
The cyan ugly thing is lightly wounded.
You closely miss the cyan ugly thing. You headbutt the cyan ugly thing!
The cyan ugly thing is moderately wounded.
The cyan ugly thing engulfs you. The cyan ugly thing shocks you!
You slash the cyan ugly thing! You burn the cyan ugly thing.
You headbutt the cyan ugly thing.
The cyan ugly thing is heavily wounded.
The cyan ugly thing engulfs you! The cyan ugly thing shocks you!
* * * LOW HITPOINT WARNING * * *
You are too injured to fight recklessly!
You are too injured to fight recklessly!
You feel better. The cyan ugly thing engulfs you!
* * * LOW HITPOINT WARNING * * *
The cyan ugly thing shocks you!
You die...

#.#.....≈≈...!
##.#....≈..≈≈..
.......≈....≈≈
##......≈≈⌠...
........⌠≈≈..
#..$≈≈....≈.
#..≈u.≈≈..≈.
#..≈@...≈≈..
#...≈≈......
#....≈≈.....
#.###≈≈≈≈≈≈# ##
#≈≈≈≈## #####


You could see a cyan ugly thing.

Vanquished Creatures
  The ghost of Sagittarian the Skirmisher, a novice DsWn (D:5)
  A centaur (D:5)
  Blork the orc (D:5)
  A bullfrog (D:6)
  A crimson imp (D:5)
  2 gnoll shamans (D:5)
  An orc priest (D:4)
  2 bullfrog skeletons
  A worker ant (D:5)
  5 adders
  8 gnolls (D:5)
  3 oozes
  An adder skeleton (D:4)
  4 worms
  3 dart slugs
  A leopard gecko (D:3)
  5 orcs
  3 giant cockroaches
  9 goblins
  6 hobgoblins
  2 jackals (D:5)
  2 quokkas (D:3)
  4 ball pythons
  10 bats
  7 frilled lizards
  11 kobolds
  7 rats
102 creatures vanquished.

Notes
Turn   | Place    | Note
-------+----------+-------------------------------------------
     0 | D:1      | LORDOFBUTT the Minotaur Berserker began the quest for the Orb.
     0 | D:1      | Reached XP level 1. HP: 19/19 MP: 0/0
    97 | D:1      | Reached skill level 4 in Axes
    97 | D:1      | Reached XP level 2. HP: 25/27 MP: 1/1
   479 | D:2      | Reached XP level 3. HP: 20/33 MP: 2/2
   488 | D:2      | Reached ** piety under Trog
   497 | D:2      | Found an iron altar of Okawaru.
  1455 | D:2      | Reached XP level 4. HP: 40/40 MP: 3/3
  1552 | D:3      | Reached skill level 5 in Axes
  2113 | D:3      | Reached *** piety under Trog
  2228 | D:3      | Reached XP level 5. HP: 21/46 MP: 4/4
  2948 | D:4      | Identified the Papyrus of Earthen Unholy Magic
  2959 | D:4      | Found a blossoming altar of Fedhas.
  3077 | D:4      | Found a staircase to the Ecumenical Temple.
  3487 | D:5      | Entered Level 5 of the Dungeon
  3523 | D:5      | Found a stormy altar of Qazlal.
  3523 | D:5      | Noticed a fire elemental
  3631 | D:5      | Noticed a centaur
  3634 | D:5      | Reached XP level 6. HP: 46/53 MP: 5/5
  3637 | D:5      | Reached skill level 6 in Axes
  3880 | D:5      | Noticed Sagittarian's ghost (novice DsWn)
  3882 | D:5      | Noticed Blork the orc
  3890 | D:5      | Killed Sagittarian's ghost
  3890 | D:5      | Reached skill level 5 in Fighting
  3890 | D:5      | Reached skill level 7 in Axes
  3890 | D:5      | Reached skill level 5 in Dodging
  3890 | D:5      | Reached XP level 7. HP: 61/61 MP: 6/6
  3893 | D:5      | Killed Blork the orc
  4352 | D:5      | Found a glowing golden altar of the Shining One.
  4407 | D:5      | Noticed a water elemental
  4408 | D:5      | Noticed an air elemental
  4574 | D:6      | Noticed a cyan ugly thing
  4586 | D:6      | HP: 2/62 [cyan ugly thing (14)]
  4586 | D:6      | Mangled by a cyan ugly thing

Skill      XL: |  1  2  3  4  5  6 |
---------------+-------------------+-----
Axes           | 4 5 7 |  7.9
Dodging        | 3 4 5 |  5.5
Fighting       | 4 5 |  5.8
Armour         | 4 |  4.6

Action                   |  1- 3 |  4- 6 |  7- 9 || total
-------------------------+-------+-------+-------++-------
Melee: Hand axe          |    87 |    94 |    31 ||   212
       Headbutt          |    13 |    22 |     7 ||    42
Invok: Berserk           |       |     3 |       ||     3
  Use: Scroll            |       |     3 |       ||     3
       Potion            |       |       |     1 ||     1
  Eat: Chunk             |     2 |     9 |     2 ||    13
Armor: Animal skin       |    20 |     3 |       ||    23
       Ring mail         |       |     2 |     8 ||    10
Dodge: Dodged            |    64 |    60 |    14 ||   138
